 Dungeon Crawl Stone Soup version 0.19.1-28-ge1247f7 (webtiles) character file.

3061 Peloso the Blocker (level 9, 0/74 HPs)
             Began as a Minotaur Fighter on Jan 21, 2017.
             Was a Believer of Okawaru.
             Killed by divine providence
             ... invoked by an orc priest
              (12 damage)
             ... on level 7 of the Dungeon.
             The game lasted 00:22:40 (8457 turns).

Peloso the Blocker (Minotaur Fighter)               Turns: 8457, Time: 00:22:41

Health: 0/74       AC: 21    Str: 17    XL:     9   Next: 57%
Magic:  8/8        EV: 11    Int:  5    God:    Okawaru [**....]
Gold:   487        SH: 14    Dex: 23    Spells: 0 memorised, 8 levels left

rFire  . . .     SeeInvis .     w - -3 dagger (curse)
rCold  + . .     Gourm    .     z - +0 plate armour
rNeg   . . .     Faith    .     c - +1 shield
rPois  .         Spirit   .     d - +2 hat {MR+}
rElec  .         Reflect  .     (no cloak)
rCorr  +         Harm     .     (no gloves)
MR     +....     Rnd*Tele +     u - +2 pair of boots of Qizocuud {rC+ rCorr Str-4 Dex+5}
Stlth  ..........               t - amulet of regeneration
                                o - ring of teleportation (curse)
                                A - +2 ring of protection

@: agile
A: retaliatory headbutt, horns 2
a: Heroism, Renounce Religion


You were on level 7 of the Dungeon.
You worshipped Okawaru.
Okawaru was pleased with you.
You were very hungry.

You visited 2 branches of the dungeon, and saw 8 of its levels.
You also visited: Sewer.

You collected 487 gold pieces.

Inventory:

Hand Weapons
 a - a +1 long sword
 w - a cursed -3 dagger (weapon)
 B - a +0 mace of protection
Armour
 b - a +0 scale mail
 c - a +1 shield (worn)
 d - a +2 hat of magic resistance (worn)
 u - the +2 pair of boots of Qizocuud (worn) {rC+ rCorr Str-4 Dex+5}
   (You acquired it on level 7 of the Dungeon)

   It affects your strength (-4).
   It affects your dexterity (+5).
   It protects you from cold.
   It protects you from acid and corrosion.
 y - a +0 chain mail
 z - a +0 plate armour (worn)
Jewellery
 o - a cursed ring of teleportation (right hand)
 t - an amulet of regeneration (around neck)
 A - a +2 ring of protection (left hand)
 F - an uncursed ring of stealth {unknown}
 G - an uncursed ring of resist corrosion {unknown}
 H - a cursed ring of loudness {unknown}
Wands
 e - a wand of random effects (36/48)
 s - a wand of slowing (25/48)
Scrolls
 g - a scroll of fear
 h - 2 scrolls of blinking
 j - 6 scrolls of identify
 m - a scroll of enchant armour
 n - 2 scrolls of enchant weapon
 v - 2 scrolls of recharging
 x - a scroll of teleportation
 C - 2 scrolls of magic mapping
Potions
 i - 4 potions of resistance
 q - 3 potions of haste
 E - a potion of brilliance {unknown}
Comestibles
 f - 11 bread rations
 l - 3 meat rations
 r - a royal jelly
 D - 7 beef jerkies


   Skills:
 + Level 5.5 Fighting
 + Level 4.6(5.7) Short Blades
 + Level 5.7(6.6) Long Blades
 + Level 8.7 Armour
 + Level 2.6 Dodging
 + Level 0.8 Stealth
 + Level 10.9 Shields
 + Level 0.2 Invocations


You had 8 spell levels left.
You didn't know any spells.

Dungeon Overview and Level Annotations

Branches:
Dungeon (7/15)             Temple (1/1) D:5

Altars:
Ashenzari
Cheibriados
Dithmenos
Elyvilon
Fedhas
Gozag
Hepliaklqana
Kikubaaqudgha
Makhleb
Nemelex Xobeh
Okawaru
Qazlal
Ru
Sif Muna
Trog
Uskayaw
Vehumet
Xom
Yredelemnul
The Shining One

Annotations:
D:4 1 runed door


Innate Abilities, Weirdness & Mutations

You reflexively headbutt those who attack you in melee.
You have a pair of horns on your head.


Message History

The orc priest is lightly wounded.
The orc priest invokes the aid of Beogh against you.
Beogh smites you!
* * * LOW HITPOINT WARNING * * *
You hit the orc priest but do no damage.
The orc priest is lightly wounded.
You block the orc priest's attack.
You hit the orc priest but do no damage.
The orc priest is lightly wounded.
The orc priest looks braver for a moment.
The orc priest casts a cantrip, but nothing happens.
You closely miss the orc priest. Your headbutt misses the orc priest.
The orc priest is lightly wounded.
You block the orc priest's attack.
The orc priest calls upon Beogh to heal the orc priest.
The orc priest's wounds heal themselves!
Your shield and plate armour prevent you from hitting the orc priest.
The orc priest calls down the wrath of Beogh upon you.
Beogh smites you!
You die...

#.########.#.#
#.#......|...#
#.#.######<###
#.# ### #.#
#.# #.#
#.#.######.#
#...ooo@...#
###.########


You could see 3 orc priests.

Vanquished Creatures
  Joseph (D:7)
  Eustachio (D:5)
  Duvessa (D:6)
  2 sky beasts
  2 ice beasts
  2 orc warriors
  A phantom (D:3)
  2 ogres
  2 centaurs
  A crocodile (Sewer)
  A big kobold (D:5)
  Blork the orc (D:4)
  2 bullfrogs
  Dowan (D:6)
  A water moccasin skeleton (D:4)
  A scorpion (D:6)
  A howler monkey (D:7)
  3 crimson imps
  A bullfrog zombie (D:6)
  A centaur skeleton (D:4)
  5 hounds
  A jelly (D:6)
  3 orc priests
  A bullfrog skeleton (D:6)
  5 orc wizards
  An iguana (D:5)
  Ijyb (D:3)
  4 worker ants
  2 hound zombies
  A howler monkey zombie (D:5)
  Robin (D:4)
  7 adders
  A shadow imp (D:7)
  An ooze (D:2)
  An adder skeleton (D:7)
  An adder zombie (D:7)
  4 worms
  4 dart slugs
  6 leopard geckos
  25 orcs
  6 ball pythons
  5 giant cockroaches
  14 goblins
  5 hobgoblins
  9 jackals
  15 kobolds
  2 quokkas
  6 bats
  4 frilled lizards
  2 jackal skeletons (D:5)
  A quokka skeleton (D:5)
  9 rats
  A fungus (D:2)
182 creatures vanquished.

Vanquished Creatures (others)
  A quokka (D:6)
  A ball python (D:6)
2 creatures vanquished.

Grand Total: 184 creatures vanquished

Notes
Turn   | Place    | Note
-------+----------+-------------------------------------------
     0 | D:1      | Peloso the Minotaur Fighter began the quest for the Orb.
     0 | D:1      | Reached XP level 1. HP: 19/19 MP: 0/0
   268 | D:1      | Reached XP level 2. HP: 26/27 MP: 1/1
  1274 | D:2      | Reached XP level 3. HP: 33/33 MP: 2/2
  1277 | D:2      | Reached skill level 4 in Shields
  1285 | D:2      | You fall through a shaft for 2 floors!
  1287 | D:4      | Noticed Blork the orc
  1297 | D:4      | Killed Blork the orc
  1297 | D:4      | Reached XP level 4. HP: 26/40 MP: 3/3
  1456 | D:4      | Reached XP level 5. HP: 44/46 MP: 4/4
  1526 | D:4      | Noticed Robin
  1536 | D:4      | Killed Robin
  1573 | D:4      | Noticed an ogre
  1631 | D:4      | Killed an ogre
  1631 | D:4      | Reached skill level 5 in Armour
  1631 | D:4      | Reached skill level 5 in Shields
  1907 | D:4      | Reached XP level 6. HP: 52/52 MP: 5/5
  1979 | D:4      | Found a basalt altar of Yredelemnul.
  2002 | D:4      | Found a runed door.
  2299 | D:3      | Found a glowing drain.
  2354 | D:3      | Reached skill level 5 in Long Blades
  2354 | D:3      | Reached skill level 1 in Dodging
  2606 | Sewer    | Entered a sewer
  3063 | Sewer    | Reached skill level 6 in Shields
  3063 | Sewer    | Reached XP level 7. HP: 38/60 MP: 6/6
  3413 | D:3      | Noticed Ijyb
  3438 | D:3      | Killed Ijyb
  4919 | D:5      | Entered Level 5 of the Dungeon
  5173 | D:5      | Found a staircase to the Ecumenical Temple.
  5183 | D:5      | Reached skill level 1 in Short Blades
  5183 | D:5      | Reached skill level 7 in Shields
  5198 | Temple   | Entered the Ecumenical Temple
  5288 | Temple   | Became a worshipper of Warmaster Okawaru
  5364 | D:5      | Identified a scroll of acquirement
  5512 | D:5      | Reached XP level 8. HP: 64/67 MP: 7/7
  5839 | D:5      | Reached skill level 8 in Shields
  5920 | D:5      | Noticed Eustachio
  5958 | D:5      | Killed Eustachio
  6056 | D:6      | Reached * piety under Okawaru
  6056 | D:6      | Reached skill level 5 in Fighting
  6525 | D:5      | Reached skill level 9 in Shields
  7069 | D:6      | Reached ** piety under Okawaru
  7114 | D:6      | Noticed Duvessa
  7115 | D:6      | Noticed Dowan
  7139 | D:6      | Killed Duvessa
  7139 | D:6      | Reached XP level 9. HP: 54/74 MP: 8/8
  7164 | D:6      | Killed Dowan
  7520 | D:7      | Got a pair of translucent boots
  7526 | D:7      | Identified the +2 pair of boots of Qizocuud {rC+ rCorr Str-4 Dex+5} (You acquired it on level 7 of the Dungeon)
  7604 | D:7      | Noticed Joseph
  7632 | D:7      | Reached skill level 10 in Shields
  7647 | D:7      | Killed Joseph
  8346 | D:7      | Found a burning altar of Makhleb.
  8350 | D:7      | Found an opulent altar of Gozag.
  8353 | D:7      | Found a bloodstained altar of Trog.
  8354 | D:7      | Found a radiant altar of Vehumet.
  8355 | D:7      | Found a shattered altar of Ashenzari.
  8457 | D:7      | Killed from afar by an orc priest

Skill      XL: |  1  2  3  4  5  6  7  8  9 |
---------------+----------------------------+-----
Armour         | 4 5 6 8 |  8.7
Fighting       | 4 5 |  5.5
Shields        | 4 5 6 7 9 10 | 10.9
Long Blades    | 3 4 5 |  5.7
Dodging        | 1 2 |  2.6
Short Blades   | 1 2 4 |  4.6
Stealth        | |  0.8
Invocations    | |  0.2

Action                   |  1- 3 |  4- 6 |  7- 9 || total
-------------------------+-------+-------+-------++-------
Melee: Long sword        |    77 |   160 |    26 ||   263
       Headbutt          |    15 |    27 |   242 ||   284
       Dagger            |       |       |   935 ||   935
Invok: Heroism           |       |       |     3 ||     3
Evoke: Wand              |       |       |     1 ||     1
  Use: Potion            |     1 |     7 |     4 ||    12
       Scroll            |       |       |    13 ||    13
  Eat: Chunk             |       |     6 |    17 ||    23
       Pizza             |       |       |     1 ||     1
Armor: Scale mail        |    26 |    49 |       ||    75
       Chain mail        |       |    27 |   258 ||   285
       Plate armour      |       |       |   181 ||   181
Dodge: Dodged            |    16 |    47 |   173 ||   236
Block: Shield            |    35 |   108 |   573 ||   716
       Rpst.: Long sword |     6 |    13 |     2 ||    21
